AoeStats
← tonyascecas

Arabia

509736006Analyzed
2v2 RM · 3d ago on Sep 27, 2026· 36m 20s· 4 players
Game mode
Random Map
Map size
Medium (4 player)
Population
200
Speed
Normal
Resources
Standard
Victory
Conquest
Starting age
Dark Age
Ending age
Imperial Age
RankedLock teamsTeams togetherTeam positionsShared explorationLock speedFull tech treeHidden civsTurbo modeCheats
Victory
Defeat
🇵🇪 Saxons · Peru
1286
+12
🇵🇪 Dravidians · Peru
1285
+12
🇲🇽 Spanish · Mexico
1203
-12
🇲🇽 Maya · Mexico
1203
-12
RN-inkyasha
6:38 Loom
8:52 Feudal Age
10:43 Fletching
22:35 Castle Age
23:20 Bodkin Arrow
22:46 Crossbowman
25:39 Ballistics
28:16 Gold Mining
31:29 Imperial Age
29:18 Double-Bit Axe
29:41 Padded Archer Armor
32:15 Bracer
33:46 Chemistry
35:21 Horse Collar
36:28 Wheelbarrow
tonyascecas
6:30 Loom
9:25 Feudal Age
9:29 Man-at-Arms
12:42 Double-Bit Axe
18:25 Fletching
18:40 Horse Collar
21:42 Forging
23:09 Scale Barding Armor
23:21 Bloodlines
27:07 Castle Age
26:09 Scale Mail Armor
26:30 Padded Archer Armor
27:52 Husbandry
28:34 Bow Saw
28:25 Heavy Plow
30:37 Iron Casting
30:50 Gold Mining
31:45 Elite Skirmisher
31:52 Light Cavalry
36:42 Ballistics
36:45 Chain Barding Armor
36:21 Bodkin Arrow
Casko
0:26 Loom
9:31 Feudal Age
9:57 Double-Bit Axe
17:44 Fletching
20:09 Wheelbarrow
26:25 Castle Age
24:29 Padded Archer Armor
24:23 Gold Mining
26:27 Crossbowman
27:04 Bodkin Arrow
27:21 Thumb Ring
28:23 Bow Saw
30:44 Leather Archer Armor
35:30 Ballistics
DiCarrera
0:56 Loom
2:50 Loom
9:56 Feudal Age
11:15 Double-Bit Axe
16:00 Town Watch
18:52 Wheelbarrow
22:43 Castle Age
30:05 Husbandry
30:15 Bloodlines
34:19 Fletching
Connection lost

Rejoining the realm…

Still unreachable

The connection could not be restored.

Session expired

The server has moved on; the page needs a fresh start.